Map: [ESL] Oceanborn

Players

Bunny - Winner!

  • Race: Terran Terran
  • Spawn Location: 5:00

Silky

  • Race: Zerg Zerg
  • Spawn Location: 11:00

Event: ESL SC2 Masters 2023 Winter (Finals)

VOD

Have the link to the VOD?

Description

Time

  • Played on: Dec. 15, 2023, 2:30 p.m.
  • Length: 11:02

All games in this series

Show
View Real Time Build Order
Export as new Build Order

Bunny Terran - Winner!

Build Orders: Reaper Expand, Hellion Banshee 

Get SALT Encoding   

  12  0:00  SCV  
  13  0:12  SCV  
  14  0:17  Supply Depot  
  14  0:24  SCV  
  15  0:38  SCV  
  15  0:39  Barracks  
  16  0:42  Refinery  
  16  0:50  SCV  
  17  1:02  SCV  
  18  1:15  SCV  
  19  1:27  Orbital Command, Reaper  
  20  1:40  Command Center  
  20  1:52  Supply Depot, SCV  
  21  1:59  Marine  
  22  2:04  SCV  
  22  2:07  Factory  
  23  2:16  SCV  
  23  2:20  Barracks Reactor  
  23  2:22  Engineering Bay  
  24  2:28  SCV  
  25  2:40  SCV  
  26  2:48  Command Center  
  26  2:55  Orbital Command  
  26  2:58  SCV  
  27  3:07  Starport  
  27  3:14  SCV  
  27  3:18  Refinery  
  28  3:22  SCV  
  28  3:24  Hellion x2  
  33  3:27  SCV  
  33  3:29  Barracks Tech Lab  
  34  3:34  SCV  
  34  3:39  SCV  
  35  3:45  Hellion x2  
  39  3:50  Banshee  
  39  3:52  SCV x2  
  44  4:00  Orbital Command  
  44  4:02  Cloaking Field  
  44  4:04  SCV x2  
  44  4:07  Hellion x2  
  44  4:08  Barracks Tech Lab  
  50  4:16  SCV x2  
  52  4:18  Supply Depot  
  52  4:28  SCV x2  
  54  4:32  Orbital Command, Banshee  
  57  4:40  SCV x2  
  57  4:41  Marine  
  57  4:42  Barracks  
  57  4:43  Barracks  
  60  4:46  Stimpack  
  60  4:49  Refinery x2  
  60  4:52  SCV x2, Supply Depot  
  62  4:53  Factory Reactor  
  62  4:58  SCV  
  63  5:01  Marine  
  63  5:02  Engineering Bay x2  
  63  5:04  SCV x2  
  66  5:10  SCV  
  66  5:13  Barracks x2  
  67  5:16  SCV x2  
  69  5:22  SCV  
  69  5:24  Marine  
  71  5:28  Terran Infantry Weapons Level 1, SCV x2  
  71  5:29  Terran Infantry Armor Level 1  
  71  5:34  SCV  
  74  5:35  Supply Depot  
  74  5:37  Supply Depot  
  74  5:41  Marine x3  
  74  5:42  Starport Reactor  
  77  5:50  Supply Depot  
  77  5:52  Supply Depot  
  77  5:57  Siege Tank, SCV x3, Marine x2  
  77  6:00  Barracks Reactor  
  77  6:01  Barracks Reactor  
  85  6:04  Marine x3  
  85  6:09  SCV x3  
  91  6:14  Marine  
  92  6:19  Supply Depot  
  92  6:20  Supply Depot, Armory, Marine  
  92  6:21  SCV x3  
  96  6:27  Medivac x2  
  96  6:31  Supply Depot x2  
  96  6:32  Marine  
  100  6:33  SCV x3, Marine x3  
  100  6:38  Marine  
  108  6:40  Combat Shield  
  108  6:41  Siege Tank, Marine x4  
  108  6:45  SCV x3  
  118  6:50  Marine  
  118  6:51  Supply Depot  
  118  6:52  Marine x2  
  118  6:53  Supply Depot  
  121  6:57  Medivac  
  121  7:01  Medivac  
  125  7:03  Supply Depot  
  125  7:04  Refinery  
  125  7:05  Supply Depot  
  125  7:09  Marine x7  
  125  7:15  Siege Tank  
  135  7:17  SCV x3  
  118  7:24  Marine  
  118  7:25  Marine  
  118  7:27  Marine x3  
  120  7:31  Medivac  
  120  7:33  Marine x4  
  126  7:38  Terran Infantry Armor Level 2  
  126  7:42  Marine x2  
  128  7:44  Marine  
  117  7:57  Marine x6  
  115  7:59  Siege Tank  
  115  8:00  Medivac, Marine x2  
  115  8:02  Command Center, Marine  
  115  8:05  Supply Depot  
  123  8:15  Marine x6  
  123  8:16  Terran Infantry Weapons Level 2  
  123  8:18  Marine  
  127  8:24  Marine x2  
  123  8:28  Medivac  
  123  8:33  Marine x3  
  121  8:37  Marine  
  121  8:38  Marine x3  
  121  8:40  Siege Tank  
  117  8:42  Marine x2  
  117  8:47  Barracks, Factory  
  117  8:48  Barracks  
  119  8:49  Barracks  
  119  8:50  Marine, Supply Depot  
  119  8:53  Marine x2  
  122  8:55  Marine  
  122  8:56  Concussive Shells, Marine x3  
  122  8:58  SCV x3  
  122  8:59  Marine  
  122  9:00  Marine  
  131  9:05  Refinery  
  131  9:06  Terran Vehicle Weapons Level 1  
  131  9:08  Marine  
  132  9:12  Siege Tank  
  132  9:16  SCV  
  132  9:19  Marauder, Marine x7  
  141  9:25  SCV x2  
  141  9:26  Marine  
  141  9:28  SCV  
  141  9:29  Supply Depot  
  145  9:35  Factory Tech Lab, Barracks Tech Lab x2  
  145  9:36  Barracks Tech Lab  
  145  9:37  Marine  
  146  9:40  SCV  
  146  9:41  Marine x5, Marauder  
  146  9:42  Marine  
  146  9:44  SCV x2, Marine  
  158  9:46  Planetary Fortress  
  158  9:50  Siege Tank  
  158  9:52  SCV  
  154  10:00  Marine  
  154  10:01  Marine x6  
  154  10:02  Marauder x4  
  167  10:08  Marine  
  168  10:16  Sensor Tower  
  168  10:17  Refinery  
  168  10:18  Marine, Refinery  
  168  10:19  Marine x5  
  168  10:20  Medivac  
  168  10:21  Medivac  
  178  10:23  Siege Tank, Marauder  
  178  10:24  Marauder x2  
  187  10:30  Command Center  
  187  10:34  Marine  
  187  10:35  Marine, Marauder  
  189  10:36  Marine x6  
Show
View Real Time Build Order
Export as new Build Order

Silky Zerg 

Build Orders: Hatch First 

Get SALT Encoding   

  12  0:01  Drone  
  13  0:12  Overlord  
  13  0:16  Drone  
  14  0:30  Drone  
  14  0:31  Drone  
  16  0:47  Hatchery  
  15  0:50  Drone  
  15  0:54  Drone  
  17  0:57  Drone  
  18  1:08  Extractor  
  17  1:12  Spawning Pool  
  17  1:15  Drone  
  17  1:18  Drone  
  18  1:27  Drone  
  19  1:38  Drone  
  20  1:48  Overlord  
  20  1:59  Zergling x2, Queen x2  
  20  2:00  Zergling x2  
  26  2:10  Drone  
  26  2:11  Drone  
  26  2:12  Metabolic Boost  
  28  2:19  Extractor  
  28  2:21  Drone x2  
  29  2:32  Drone x2  
  30  2:37  Queen  
  30  2:42  Overlord  
  33  2:44  Extractor, Queen  
  33  2:46  Drone  
  35  2:57  Overlord  
  35  3:02  Zergling x2, Extractor  
  35  3:05  Zergling x2, Drone  
  37  3:09  Drone x3  
  41  3:18  Drone  
  41  3:19  Drone  
  43  3:20  Queen  
  43  3:26  Drone  
  45  3:30  Drone  
  46  3:35  Drone, Hatchery  
  46  3:38  Drone  
  47  3:48  Drone x3  
  50  3:51  Overlord  
  50  3:59  Overlord  
  50  4:08  Queen x2  
  54  4:13  Overlord  
  54  4:14  Drone x4  
  58  4:23  Drone x2  
  60  4:29  Evolution Chamber x2  
  58  4:31  Zergling x6  
  58  4:33  Drone x2  
  58  4:34  Drone  
  58  4:35  Extractor  
  58  4:37  Drone x2  
  65  4:48  Drone x3, Spore Crawler x2  
  65  4:49  Queen  
  65  4:50  Spore Crawler  
  67  4:56  Zerg Ground Armor Level 1  
  67  4:58  Drone x2  
  69  5:01  Overlord  
  69  5:11  Drone  
  69  5:12  Drone x2  
  72  5:19  Zerg Melee Weapons Level 1  
  72  5:20  Drone x3  
  72  5:21  Drone x2  
  77  5:24  Lair  
  77  5:25  Drone  
  77  5:30  Zergling x6  
  77  5:31  Zergling x2  
  81  5:38  Overlord x2  
  81  5:41  Extractor, Hatchery  
  79  5:43  Extractor  
  79  5:45  Drone x2  
  79  5:47  Drone  
  81  5:56  Overlord x2  
  81  5:58  Drone x2  
  81  6:00  Drone x2  
  83  6:05  Overlord  
  83  6:09  Drone x4  
  83  6:10  Drone x2  
  88  6:11  Drone x2  
  88  6:13  Queen x2  
  91  6:18  Drone x2  
  91  6:22  Overseer  
  92  6:26  Drone x2, Baneling Nest  
  92  6:31  Zergling x2  
  92  6:32  Hydralisk Den  
  93  6:34  Zergling x2  
  93  6:37  Zergling x2  
  95  6:40  Zergling x2  
  95  6:42  Pneumatized Carapace  
  95  6:43  Overseer, Hatchery  
  95  6:48  Zergling x14  
  95  6:52  Zerg Ground Armor Level 2  
  102  6:54  Zergling x6  
  105  7:02  Zergling x2  
  105  7:03  Zergling x2  
  105  7:05  Zergling x4  
  109  7:09  Centrifugal Hooks  
  109  7:10  Muscular Augments  
  109  7:11  Zergling x2  
  109  7:12  Zergling x6  
  112  7:16  Zergling x4  
  112  7:22  Zergling x8  
  110  7:26  Zergling x10  
  104  7:30  Baneling x12  
  104  7:35  Zergling x6  
  106  7:41  Zergling x12  
  104  7:54  Hydralisk  
  104  7:55  Hydralisk x5  
  105  7:59  Baneling x2  
  105  8:01  Hydralisk  
  105  8:02  Hydralisk x4  
  105  8:03  Baneling x8  
  115  8:10  Hydralisk  
  115  8:11  Hydralisk  
  115  8:12  Zergling x12  
  123  8:14  Zergling x4  
  116  8:27  Zergling x2  
  116  8:28  Zergling x12  
  116  8:32  Hydralisk  
  116  8:35  Grooved Spines  
  116  8:40  Overlord  
  116  8:41  Overlord x2  
  112  8:44  Spore Crawler  
  111  8:49  Overseer, Baneling x4  
  111  8:53  Baneling  
  111  8:59  Hydralisk, Baneling  
  111  9:00  Hydralisk x3  
  111  9:02  Zergling x16  
  126  9:16  Hydralisk x4  
  127  9:21  Zergling x2, Hatchery  
  133  9:24  Zergling x4  
  133  9:26  Infestation Pit  
  133  9:30  Overlord  
  133  9:39  Overlord x2  
  133  9:41  Hatchery  
  133  9:42  Drone x3  
  134  9:55  Hydralisk x5  
  134  9:59  Zergling x20  
  152  10:03  Overlord  
  152  10:11  Baneling  
  152  10:12  Zergling x10, Baneling x9  
  157  10:15  Zergling x6  
  157  10:20  Overlord x2  
  160  10:23  Drone x3  
  160  10:25  Drone x2  
  160  10:28  Spore Crawler  
  164  10:32  Zergling x2  
  164  10:33  Zergling x6  
  153  10:38  Zergling x8  
  129  10:45  Zergling x2  
Tags
 
Add a new tag
Caveats
  • Supply blocks, unpowered buildings, or Contaminate may cause inaccurate times.
  • Supply counts are checked every 10 seconds.